 Dungeon Crawl Stone Soup version 0.21.1-1-g345015f (webtiles) character file.

8 shakethe the Chopper (level 2, 18/22 HPs)
             Began as a Demonspawn Gladiator on Feb 27, 2018.
             Quit the game on level 1 of the Dungeon.
             The game lasted 00:00:41 (55 turns).

shakethe the Chopper (Demonspawn Gladiator)           Turns: 55, Time: 00:00:42

Health: 18/22      AC:  4    Str: 14    XL:     2   Next: 0%
Magic:  2/2        EV: 12    Int:  9    God:
Gold:   6          SH:  0    Dex: 14    Spells: 1/1 levels left

rFire    . . .     SeeInvis .   a - +0 war axe
rCold    . . .     Gourm    .   (no shield)
rNeg     . . .     Faith    .   b - +0 leather armour
rPois    .         Spirit   .   c - +0 helmet
rElec    .         Reflect  .   (no cloak)
rCorr    .         Harm     .   (no gloves)
MR       .....                  (no boots)
Stlth    +.........             (no amulet)
HPRegen  0.07/turn              (no ring)
MPRegen  0.08/turn              (no ring)

@: no status effects
A: spiny 1
a: no special abilities


You were on level 1 of the Dungeon.
You were not hungry.

You visited 1 branch of the dungeon, and saw 1 of its levels.

You collected 6 gold pieces.

Inventory:

Hand Weapons
 a - a +0 war axe (weapon)
Missiles
 d - 3 throwing nets {=f, !d}
Armour
 b - a +0 leather armour (worn)
 c - a +0 helmet (worn)
Comestibles
 f - 2 rations


   Skills:
 + Level 2.1 Fighting
 * Level 3.0 Axes
 - Level 1.7 Throwing
 + Level 2.8 Dodging


You had one spell level left.
You didn't know any spells.

Dungeon Overview and Level Annotations

Branches:
Dungeon (1/15)

Altars:


Innate Abilities, Weirdness & Mutations

You are partially covered in sharp spines.


Message History

Welcome, shakethe the Demonspawn Gladiator.
It is said that the Orb of Zot exists deep within this dungeon.
Found a staircase leading out of the dungeon.
Unknown command. 3 rats come into view. 4 rats come into view.
You hit the rat.
You kill the rat!
You barely miss the rat. The rat closely misses you.
You hit the rat.
You kill the rat!
The rat misses you.
You slash the rat!
You kill the rat!
The rat misses you.
You slash the rat!
You kill the rat!
You closely miss the rat. The rat bites you but does no damage.
You closely miss the rat. The rat bites you. x2
You take 3 damage, and have 13/16 hp.
You closely miss the rat. The rat closely misses you.
You barely miss the rat. The rat closely misses you. The rat barely misses you.
You barely miss the rat. The rat closely misses you.
You barely miss the rat. The rat bites you but does no damage.
You slash the rat!
You kill the rat!
The rat twitches its whiskers.
The rat closely misses you.
You hit the rat.
You kill the rat!
The rat bites you but does no damage.
You hit the rat.
You kill the rat!
No target in view!
No target in view!
No target in view!
No target in view!
No target in view!
No target in view!
No target in view!
No target in view!
No target in view!
No target in view!
No target in view!
No target in view!
No target in view!
No target in view!
No target in view!
Things that are here:
a rat corpse x2 2 rats come into view.
A rat comes into view. 2 rats come into view.
The rat misses you. The rat completely misses you.
You hit the rat but do no damage. You hit the rat.
You kill the rat!
The rat barely misses you.
There are monsters nearby!
You closely miss the rat. x2; The rat closely misses you. x2
You slash the rat!
You kill the rat!
You completely miss the rat. The rat closely misses you. The rat bites you.
You take 3 damage, and have 11/16 hp.
You slash the rat!
You kill the rat!
Your Axes skill increases to level 3!
You hit the rat but do no damage. The rat closely misses you.
You closely miss the rat. You barely miss the rat.
The rat bites you but does no damage. The rat closely misses you.
You closely miss the rat. You hit the rat.
You kill the rat!
The rat twitches its whiskers.
The rat closely misses you. x2
You closely miss the rat. The rat closely misses you.
You completely miss the rat. The rat misses you.
You slash the rat!
You kill the rat!
You have reached level 2!
Your demonic ancestry asserts itself...
Sharp spines emerge from parts of your body.
You regained 5 hp, and now have 16/22 hp.
MP restored: 2 You see here a rat corpse.
You now have 6 gold pieces.
f - 2 rations (gained 1)
A rat comes into view.
You regained 2 hp, and now have 18/22 hp.

#....#
##.......##
#.. #....#
######### #..
#.##......
..#
#.##......
..#
#.########
####
#.########
#.........
#.###########
#....@....r..
#############


You could see a rat.

Vanquished Creatures
  12 rats (D:1)
12 creatures vanquished.

Notes
Turn   | Place    | Note
-------+----------+-------------------------------------------
     0 | D:1      | shakethe the Demonspawn Gladiator began the quest for the Orb.
     0 | D:1      | Reached XP level 1. HP: 16/16 MP: 1/1
    25 | D:1      | Reached skill level 3 in Axes
    30 | D:1      | Gained mutation: You are partially covered in sharp spines. [demonic ancestry]
    30 | D:1      | Reached XP level 2. HP: 16/22 MP: 2/2
    55 | D:1      | Quit the game

Skill      XL: |  1 |
---------------+----+-----
Axes           | 3 |  3.0
Fighting       | |  2.1
Throwing       | |  1.7
Dodging        | |  2.8

Action                   || total
-------------------------++-------
Melee: War axe           ||    23
Armor: Leather armour    ||     4
Dodge: Dodged            ||    20

Vault maps used:
D:1:      erik_arrival_orb_chamber

Table legend:
 A = Turns spent in this place as a percentage of turns spent in the entire game.
 B = Non-inter-level travel turns spent in this place as a percentage of non-inter-level travel turns spent in the entire game.
 C = Inter-level travel turns spent in this place as a percentage of turns spent in this place.
 D = Turns resting spent in this place as a percentage of non-inter-level travel turns spent in this place.
 E = Turns spent auto-exploring this place as a percentage of non-inter-level travel turns spent in this place.
 F = Non-inter-level travel turns spent in this place divided by the number of levels of this place that you've seen.
                   A       B       C       D       E      F
               +-------+-------+-------+-------+-------+----------------------
         Total | 100.0 | 100.0 |   0.0 |   0.0 |  43.6 |  55.0
       Dungeon | 100.0 | 100.0 |   0.0 |   0.0 |  43.6 |  55.0
               +-------+-------+-------+-------+-------+----------------------

Table legend:
 A = Kills in this place as a percentage of kills in entire the game.
 B = Kills by you in this place as a percentage of kills by you in the entire game.
 C = Kills by friends in this place as a percentage of kills by friends in the entire game.
 D = Other kills in this place as a percentage of other kills in the entire game.
 E = Experience gained in this place as a percentage of experience gained in the entire game.
 F = Experience gained in this place divided by the number of levels of this place that you have seen.
                   A       B       C       D       E      F
               +-------+-------+-------+-------+-------+----------------------
         Total | 100.0 | 100.0 |   N/A |   N/A | 100.0 |  12.0
       Dungeon | 100.0 | 100.0 |   N/A |   N/A | 100.0 |  12.0
               +-------+-------+-------+-------+-------+----------------------
